 Dungeon Crawl Stone Soup version 0.29.1-15-g9cfb28693d (webtiles) character file.

Game seed: 13065964609347475269

70 Gustavia the Stinger (level 4, -1/30 HPs)
             Began as a Demonspawn Venom Mage on Mar 20, 2023.
             Succumbed to an adder's poison
             ... on level 2 of the Dungeon.
             The game lasted 00:14:57 (2698 turns).

Gustavia the Stinger (Demonspawn Venom Mage)        Turns: 2698, Time: 00:14:57

Health: -1/30      AC:  5    Str:  6 (8)  XL:     4   Next: 4%
Magic:  8/8        EV: 12    Int: 16 (18) God:
Gold:   163        SH:  4    Dex: 12 (14) Spells: 5/8 levels left

rFire   . . .      SeeInvis .   d - +0 short sword
rCold   . . .      Faith    .   (no shield)
rNeg    . . .      Spirit   .   a - +0 robe
rPois   .          Reflect  .   (no helmet)
rElec   .          Harm     .   (no cloak)
rCorr   .          Rampage  .   c - +0 pair of gloves
Will    .....                   (no boots)
Stlth   ++........              (no amulet)
HPRegen 0.10/turn               (no ring)
MPRegen 0.11/turn               (no ring)

@: lethally poisoned (-1 -> -10)
A: molten scales 1, condensation shield
a: no special abilities


You were on level 2 of the Dungeon.
You visited 1 branch of the dungeon, and saw 2 of its levels.

You collected 163 gold pieces.

Inventory:

Hand Weapons
 d - a +0 short sword (weapon)
Armour
 a - a +0 robe (worn)
 c - a +0 pair of gloves (worn)
Scrolls
 e - a scroll of blinking
Potions
 f - a potion of cancellation


   Skills:
 + Level 0.1 Short Blades
 + Level 1.8 Dodging
 + Level 1.9 Stealth
 + Level 2.9 Spellcasting
 + Level 1.9 Transmutations
 + Level 3.5 Poison Magic


You had 5 spell levels left.
You knew the following spells:

 Your Spells              Type           Power      Damage    Failure   Level
a - Sting                 Tmut/Pois      44%        1d5       6%          1
b - Poisonous Vapours     Pois/Air       16%        N/A       14%         2

Your spell library contained the following spells:

 Spells                   Type           Power      Damage    Failure   Level
 Mephitic Cloud           Conj/Pois/Air  6%         N/A       34%         3
 Olgreb's Toxic Radiance  Pois           13%        N/A       41%         4


Dungeon Overview and Level Annotations

Branches:
Dungeon (2/15)

Altars:

Shops:
D:1 [   D:2 ?((=


Innate Abilities, Weirdness & Mutations

You are partially covered in molten scales. (AC +2)
A meltable shield of frost defends you. (SH +4)


Message History

You block the adder's attack.
You see here an adder corpse.
Aiming: Sting (safe; 6% risk of failure)
Press: ? - help, Q - select action, (/) - cycle Shift-Dir - straight line, f - adder
Aim: an adder (53% to hit)
The sting hits the adder but does no damage.
The adder is poisoned.
The adder bites you but does no damage.
You closely miss the adder. The adder bites you.
You are poisoned.
The adder poisons you! The adder bites you.
You are lethally poisoned!
The adder poisons you!
Drinking this now will have no effect.
Okay, then.
What are your orders? t - Shout!
Orders for allies: a - Attack new target. p - Attack previous target. r - Retreat! s - Stop attacking. g - Guard the area. f - Follow me.
Anything else - Cancel.
Okay, then.
You closely miss the adder.
* * * LOW HITPOINT WARNING * * *
You feel very sick. The adder bites you but does no damage.
You miss the adder.
* * * LOW HITPOINT WARNING * * *
You feel sick. The adder bites you.
* * * LOW HITPOINT WARNING * * *
You are more poisoned.
The adder poisons you! The adder closely misses you.
Okay, then.
Magic courses through your body.
* * * LOW HITPOINT WARNING * * *
You feel sick.
The adder looks more healthy.
The adder bites you but does no damage.
You hit the adder but do no damage.
The adder is lightly wounded.
You die...

*** *,* *,, *,*
################## *,*
...............S.# *,*
################@# *,*
..#,,,,,.........# *******,*
..#,,,,,.........# *,,,,,,,*
..#,,,,,.........#*** *,*******
.[#,,,,,..........,,* *,*
..#,,,,,........###8* *,*******
.)#,,,,,........#**<*****,,,,,,,,
..#,,,,,.........8,∩,8,,,,*******
..#,,,,,........#**,****,,,,,,<*


You could see an adder.

Vanquished Creatures
  2 adders (D:2)
  A dart slug (D:2)
  2 ball pythons
  6 bats
  4 endoplasms
  2 giant cockroaches
  5 goblins
  8 hobgoblins
  2 quokkas
  4 frilled lizards
  7 kobolds
  5 rats
48 creatures vanquished.

Notes
Turn   | Place    | Note
-------+----------+-------------------------------------------
     0 | D:1      | Gustavia the Demonspawn Venom Mage began the quest for the
                  | Orb.
     0 | D:1      | Reached XP level 1. HP: 13/13 MP: 3/3
   318 | D:1      | Reached skill level 1 in Transmutations
   318 | D:1      | Gained mutation: You are partially covered in molten
                  | scales. (AC +2) [demonic ancestry]
   318 | D:1      | Reached XP level 2. HP: 11/19 MP: 0/5
   955 | D:1      | Found Narifok's Armour Shop.
  1606 | D:1      | Reached XP level 3. HP: 24/24 MP: 4/6
  1851 | D:2      | Found Noqorgheko's Jewellery Boutique.
  2145 | D:2      | Found Soosomee's Antique Weapon Boutique.
  2225 | D:2      | Found Ledd's Magic Scroll Shoppe.
  2231 | D:2      | Learned a level 2 spell: Poisonous Vapours
  2612 | D:2      | Found Wuuhair's Antique Weapon Boutique.
  2692 | D:2      | Gained mutation: A meltable shield of frost defends you.
                  | (SH +4) [demonic ancestry]
  2692 | D:2      | Reached XP level 4. HP: 15/30 MP: 5/8
  2698 | D:2      | Succumbed to an adder's poison

Illustrated notes

Levels and vault maps discovered:
D:1:      erik_arrival_cave_to_civilisation [erik_arrival_cave_to_hall],
          layout_rooms, serial_shops, shop_coins
D:2:      layout_basic, serial_shops, nicolae_shop_statue_plus,
          nicolae_shop_behind_doors, shop_fountains, shop_statue, shop

Skill      XL: |  1 |
---------------+----+-----
Transmutations | 1 |  1.9
Short Blades   | |  0.1
Dodging        | |  1.8
Stealth        | |  1.9
Spellcasting   | |  2.9
Poison Magic   | |  3.5

Action                   |  1- 3 |  4- 6 || total
-------------------------+-------+-------++-------
Melee: Unarmed           |    28 |       ||    28
       Short sword       |    19 |     4 ||    23
 Cast: Sting             |    79 |     1 ||    80
  Use: Scroll            |     6 |       ||     6
       Potion            |     4 |     1 ||     5
Armor: Robe              |    27 |     3 ||    30
Dodge: Dodged            |    69 |     1 ||    70
Block: Other             |       |     1 ||     1
